 Dungeon Crawl Stone Soup version 0.32-a0-705-g60f233581c (webtiles) character file.

Game seed: 7374497163922792365

6737 senseless the Fighter (level 10, -4/97 HPs)
             Began as a Minotaur Gladiator on Mar 14, 2024.
             Was a High Priest of Okawaru.
             Slain by a boulder beetle (18 damage)
             ... on level 9 of the Dungeon.
             The game lasted 00:20:53 (6654 turns).

senseless the Fighter (Minotaur Gladiator)          Turns: 6654, Time: 00:20:54

Health: -4/97      AC: 18    Str: 28    XL:     10   Next: 75%
Magic:  9/9        EV: 13    Int: 10    God:    Okawaru [*****.]
Gold:   512        SH:  0    Dex: 11    Spells: 9/9 levels left

rFire   + . .        v - +4 mace "Xemuf" {vamp, rPois rN+ Int+5}
rCold   + . .        (no shield)
rNeg    + + .        w - +5 ring mail "Keptior" {rElec rF+ rC+ Str-2}
rPois   +            c - +2 hat
rElec   +            C - +0 cloak
rCorr   .            y - +1 Delatra's gloves {ID++}
SInv    .            x - +0 pair of boots
Will    .....        b - amulet of regeneration
Stlth   +            m - ring of positive energy
HPRegen 1.16/turn    G - +6 ring of strength
MPRegen 0.11/turn

%: no passive effects
@: no status effects
A: horns 2, retaliatory headbutt
a: Renounce Religion, Heroism, Finesse, Duel


You were on level 9 of the Dungeon.
You worshipped Okawaru.
Okawaru was extremely pleased with you.
You visited 1 branch of the dungeon, and saw 9 of its levels.

You collected 526 gold pieces.
You spent 14 gold pieces at shops.

Inventory:

Hand Weapons
 a - a +1 war axe
 l - a +2 long sword of flaming
 v - the +4 mace "Xemuf" (weapon) {vamp, rPois rN+ Int+5}
   (You took it off an orc on level 4 of the Dungeon)

   Int+5:     It affects your intelligence (+5).
   rPois:     It protects you from poison.
   rN+:       It protects you from negative energy.
 F - a +3 dire flail
Missiles
 d - 3 throwing nets (quivered)
 e - 5 javelins
 j - 6 curare-tipped darts
 B - 9 boomerangs
 E - 5 atropa-tipped darts
 I - 3 poisoned darts
Armour
 c - a +2 hat (worn)
 g - the +0 leather armour of Dawn {+Blink rElec Str-2 Slay+2}
   (You found it on level 2 of the Dungeon)

   Str-2:     It affects your strength (-2).
   Slay+2:    It affects your accuracy & damage with ranged weapons and melee
   (+2).
   rElec:     It insulates you from electricity.
   +Blink:    It lets you blink.
 o - a +0 chain mail
 w - the +5 ring mail "Keptior" (worn) {rElec rF+ rC+ Str-2}
   (You took it off an orc on level 4 of the Dungeon)

   Str-2:     It affects your strength (-2).
   rF+:       It protects you from fire.
   rC+:       It protects you from cold.
   rElec:     It insulates you from electricity.
 x - a +0 pair of boots (worn)
 y - the +1 Delatra's gloves (worn) {ID++}
   (You found it on level 4 of the Dungeon)

   ID++:      It heals its wearer when they drink unknown potions, and restores
   their MP when they read unknown scrolls.
 C - a +0 cloak (worn)
Jewellery
 b - an amulet of regeneration (around neck)
 i - a +6 ring of intelligence
 m - a ring of positive energy (left hand)
 p - a ring of protection from cold
 t - a ring of protection from cold
 G - a +6 ring of strength (right hand)
 K - an amulet of the acrobat
Wands
 A - a wand of paralysis (14)
 L - a wand of flame (20)
Scrolls
 u - 2 scrolls of fear
 H - 2 scrolls of enchant armour
 J - a scroll of revelation
Potions
 f - a potion of haste
 h - 3 potions of attraction
 k - 5 potions of curing
 n - 2 potions of might
 q - a potion of resistance
 r - 3 potions of mutation
 s - a potion of cancellation {unknown}
 z - 2 potions of enlightenment
 D - a potion of heal wounds {unknown}


   Skills:
 * Level 11.7 Fighting
 + Level 9.0 Axes
 + Level 7.1 Throwing
 + Level 7.8 Armour
 + Level 8.0 Dodging


You had 9 spell levels left.
You didn't know any spells.
Your spell library contained the following spells:

 Spells                   Type           Power      Damage    Failure   Level
 Necrotise                Necr           0%         1d4       45%         1
 Sandblast                Erth           0%         2d4       45%         1
 Mephitic Cloud           Conj/Alch/Air  0%         N/A       83%         3
 Sigil of Binding         Hex            0%         N/A       83%         3
 Vampiric Draining        Necr           0%         2d6       83%         3
 Dimensional Bullseye     Hex/Tloc       0%         N/A       99%         4
 Leda's Liquefaction      Alch/Erth      0%         N/A       99%         4
 Curse of Agony           Necr           0%         N/A       100%        5
 Permafrost Eruption      Ice/Erth       0%         2x4d2     100%        6
 Call Canine Familiar     Summ           Unusable   N/A       N/A         3
 Martyr's Knell           Necr/Summ      Unusable   N/A       N/A         4

Dungeon Overview and Level Annotations

Branches:
Dungeon (9/15)             Temple (0/1) D:5
   Lair: D:8-11         Orc: D:9-12

Altars:
Ashenzari
Cheibriados
Dithmenos
Elyvilon
Hepliaklqana
Okawaru
Trog
Vehumet
The Shining One
Beogh

Shops:
D:4 :   D:6 !   D:7 ?


Innate Abilities, Weirdness & Mutations

You have a pair of horns on your head.
You reflexively headbutt those who attack you in melee.


Message History

The boulder beetle bites you but does no damage.
You hit the boulder beetle but do no damage.
The boulder beetle is heavily wounded.
The boulder beetle bites you.
You sock the boulder beetle!
The boulder beetle is severely wounded.
The boulder beetle bites you!
You are too injured to fight recklessly!
You are too injured to fight recklessly!
You are too injured to fight recklessly!
You are too injured to fight recklessly!
You are too injured to fight recklessly!
You are too injured to fight recklessly!
You are too injured to fight recklessly!
You are too injured to fight recklessly!
You are too injured to fight recklessly!
You are too injured to fight recklessly!
You are too injured to fight recklessly!
You are too injured to fight recklessly!
You are too injured to fight recklessly!
You are too injured to fight recklessly!
You are too injured to fight recklessly!
You are too injured to fight recklessly!
You are too injured to fight recklessly!
You are too injured to fight recklessly!
You hit the boulder beetle.
The boulder beetle is severely wounded.
The boulder beetle barely misses you.
You hit the boulder beetle but do no damage.
You headbutt the boulder beetle!
The boulder beetle is almost dead.
The boulder beetle leaps!
The boulder beetle curls into a ball and begins rolling!
The boulder beetle hits you!!!
* * * LOW HITPOINT WARNING * * *
The boulder beetle stops rolling and uncurls.
You sock the boulder beetle!
You feel better.
The boulder beetle is almost dead.
The boulder beetle bites you!!
You die...

#.#... #..... #.....
...... ###### ##.. ###..#
#.#######+### #..(##
#......@B°..# ##'####
#...<.........### #......
#.#...........'.####......
#...........#....[......
#.#....>....##..##......
#.########+####.##§..... #
#.##...... . #.#.§§....
#.#.....#.


You could see a boulder beetle.

Vanquished Creatures
  Jeremiah (D:8)
  A troll (D:7)
  The ghost of casual the Chopper, an amateur CoRe (D:4)
  14 yaks
  4 steam dragons
  An acid dragon (D:8)
  2 orc warriors
  A black bear (D:7)
  An ice beast (D:5)
  2 ogres
  2 centaurs
  2 kobold brigands (D:9)
  4 bullfrogs
  4 scorpions
  17 wights
  4 killer bees (D:7)
  2 howler monkeys (D:7)
  A bombardier beetle (D:3)
  4 hounds
  3 jellies
  8 orc priests
  A gnoll bouda (D:6)
  A sleepcap (D:5)
  3 iguanas
  5 orc wizards
  4 gnolls (D:6)
  8 adders
  2 white imps
  2 dart slugs (D:1)
  51 orcs
  8 bats
  8 endoplasms
  2 giant cockroaches (D:1)
  3 hobgoblins
  10 jackals
  2 quokkas
  8 ball pythons
  4 frilled lizards (D:1)
  6 goblins
  13 kobolds
  9 rats
229 creatures vanquished.

Vanquished Creatures (others)
  A quokka (D:5)
1 creature vanquished.

Grand Total: 230 creatures vanquished

Notes
Turn   | Place    | Note
-------+----------+-------------------------------------------
     0 | D:1      | senseless the Minotaur Gladiator began the quest for the
                  | Orb.
     0 | D:1      | Reached XP level 1. HP: 18/18 MP: 0/0
   123 | D:1      | Reached XP level 2. HP: 25/25 MP: 1/1
   256 | D:1      | Reached skill level 3 in Fighting
   413 | D:1      | Reached skill level 1 in Armour
   439 | D:1      | Reached XP level 3. HP: 26/31 MP: 2/2
  1100 | D:2      | Identified the +0 leather armour of Dawn {+Blink rElec
                  | Str-2 Slay+2}
  1599 | D:3      | Reached XP level 4. HP: 24/40 MP: 3/3
  1765 | D:3      | Found an iron altar of Okawaru.
  1774 | D:3      | Became a worshipper of Warmaster Okawaru
  1802 | D:3      | Reached skill level 4 in Fighting
  1983 | D:3      | Found a hazy altar of Hepliaklqana.
  1986 | D:3      | Reached XP level 5. HP: 46/46 MP: 4/4
  2416 | D:4      | Found Heuh's Self-Improvement Boutique.
  2737 | D:4      | Reached XP level 6. HP: 55/55 MP: 5/5
  2945 | D:4      | Found a runed translucent gate.
  2945 | D:4      | Noticed casual's ghost (amateur CoRe)
  2946 | D:4      | Found a runed translucent gate.
  2947 | D:4      | Found a runed translucent gate.
  2948 | D:4      | Identified the +4 mace "Xemuf" {vamp, rPois rN+ Int+5}
  2948 | D:4      | Identified the +5 ring mail "Keptior" {rElec rF+ rC+ Str-2}
  3074 | D:4      | Found a roughly hewn altar of Beogh.
  3075 | D:4      | Found the +1 Delatra's gloves {ID++}
  3090 | D:4      | Reached * piety under Okawaru
  3091 | D:4      | Reached skill level 5 in Fighting
  3109 | D:4      | Killed casual's ghost
  3110 | D:4      | Reached skill level 5 in Axes
  3111 | D:4      | Reached XP level 7. HP: 59/61 MP: 6/6
  3196 | D:5      | Entered Level 5 of the Dungeon
  3311 | D:5      | Found a staircase to the Ecumenical Temple.
  3311 | D:5      | Noticed a steam dragon
  3321 | D:5      | Killed a steam dragon
  3321 | D:5      | Reached ** piety under Okawaru
  3322 | D:5      | Reached skill level 6 in Fighting
  3335 | D:5      | Reached skill level 5 in Dodging
  3449 | D:5      | Got the Verses on the Cwm and Decantation
  3504 | D:5      | Reached XP level 8. HP: 55/71 MP: 7/7
  3523 | D:5      | Reached skill level 7 in Fighting
  3763 | D:6      | Found a broken altar of Ashenzari.
  3771 | D:6      | Reached *** piety under Okawaru
  3772 | D:6      | Reached skill level 5 in Armour
  3907 | D:6      | Reached skill level 8 in Fighting
  3922 | D:6      | Found a snail-covered altar of Cheibriados.
  3925 | D:6      | Found a shadowy altar of Dithmenos.
  3928 | D:6      | Found a glowing golden altar of the Shining One.
  3938 | D:6      | Found a radiant altar of Vehumet.
  4052 | D:6      | Reached skill level 5 in Throwing
  4142 | D:6      | Found Saelues's Distillery.
  4150 | D:6      | Bought a potion of degeneration for 14 gold pieces
  4462 | D:7      | Reached XP level 9. HP: 82/82 MP: 8/8
  4494 | D:7      | Noticed a troll
  4510 | D:7      | Killed a troll
  4513 | D:7      | Reached skill level 9 in Fighting
  4609 | D:7      | Reached **** piety under Okawaru
  4801 | D:7      | Found Rekoxt's Magic Scroll Boutique.
  5149 | D:8      | Noticed Jeremiah
  5162 | D:8      | Reached skill level 10 in Fighting
  5166 | D:8      | Paralysed by Jeremiah for 3 turns
  5175 | D:8      | Killed Jeremiah
  5276 | D:8      | Reached ***** piety under Okawaru
  5277 | D:8      | Reached XP level 10. HP: 90/94 MP: 9/9
  5383 | D:8      | Reached skill level 11 in Fighting
  6157 | D:9      | Received a gift from Okawaru
  6318 | D:9      | Found a white marble altar of Elyvilon.
  6596 | D:9      | Found a bloodstained altar of Trog.
  6629 | D:9      | Noticed a boulder beetle
  6654 | D:9      | Slain by a boulder beetle

Illustrated notes

Levels and vault maps discovered:
D:1:      psy_arrival_dodecagon, layout_basic, minmay_pentomino_q2
D:2:      layout_basic
D:3:      layout_rooms, lemuel_round_altar, nicolae_overflow_crystal_walls
D:4:      dreamdust_elfheim, layout_basic, biasface_ghost_orc_armoury,
          nicolae_shop_self_help
D:5:      layout_basic, minmay_temple_entry_offerings, lemuel_flamethrower_1
D:6:      layout_basic, evilmike_ruin_ashenzari,
          grunt_temple_overflow_cloverleaf, serial_shops, shop,
          chequers_serial_rivers_micro_d
D:7:      layout_cave_pools, serial_shops, nicolae_shop_just_a_little_nook,
          minmay_misc_feat_pillars
D:8:      layout_loops_corners, uniq_prince_ribbit1, uniq_jeremiah
D:9:      layout_roguey, mainiacjoe_overflow_catch_the_wave,
          serial_co_window_serial, co_window_of_opportunity_a,
          co_window_paths_a, co_window_paths_a, co_window_paths_a,
          co_window_of_opportunity_a, co_window_paths_a, co_window_paths_b,
          co_window_corner_b, co_window_paths_c, co_window_paths_c,
          co_window_4corner_b, glass_columns_b, glass_columns_a,
          glass_columns_b, glass_columns_c

Skill      XL: |  1  2  3  4  5  6  7  8  9 10 |
---------------+-------------------------------+-----
Fighting       | 3 4 5 6 8 10 11 | 11.7
Armour         | 1 2 3 4 5 6 7 |  7.8
Axes           | 4 5 6 8 9 |  9.0
Dodging        | 4 5 6 7 8 |  8.0
Throwing       | 3 4 5 6 7 |  7.1

Action                     |  1- 3 |  4- 6 |  7- 9 | 10-12 || total
---------------------------+-------+-------+-------+-------++-------
  Melee: War axe           |    97 |   128 |       |       ||   225
         Headbutt          |    13 |    25 |    47 |    41 ||   126
         Mace              |       |       |   259 |   142 ||   401
  Throw: Throwing net      |       |       |     3 |       ||     3
 Invoke: Heroism           |       |       |     2 |       ||     2
    Use: Scroll            |     6 |     8 |     6 |     2 ||    22
         Potion            |       |     1 |     1 |       ||     2
 Armour: Leather armour    |    39 |       |       |       ||    39
         Chain mail        |    63 |    83 |       |       ||   146
         Skin              |       |    35 |    29 |       ||    64
         Ring mail         |       |       |   256 |   113 ||   369
  Dodge: Dodged            |    55 |    55 |   211 |    95 ||   416

Table legend: (Time is in decaauts)
 A = Elapsed time spent in this place.
 B = Non-inter-level travel time spent in this place.
 C = Inter-level travel time spent in this place.
 D = Time resting spent in this place.
 E = Time spent auto-exploring this place.
 F = Levels seen in this place.
 G = Mean time per level.
                   A        B        C        D        E       F      G
               +--------+--------+--------+--------+--------+-----+--------+
         Total |   6781 |   6573 |    208 |    177 |   4955 |   9 |  753.4 |
       Dungeon |   6781 |   6573 |    208 |    177 |   4955 |   9 |  753.4 |
               +--------+--------+--------+--------+--------+-----+--------+

Top non-repeatable levels by time:
     D:4: 1190 daAuts
     D:8: 1043 daAuts
     D:1: 1004 daAuts
     D:6: 798 daAuts
     D:7: 663 daAuts
     D:2: 607 daAuts
     D:9: 540 daAuts
     D:5: 477 daAuts
     D:3: 456 daAuts
